Map: Whispers of Gold

Players

Jin

  • Race: Protoss Protoss
  • League: Grandmaster
  • Spawn Location: 5:00

Moja - Winner!

  • Race: Terran Terran
  • League: Grandmaster
  • Spawn Location: 9:00

VOD

Have the link to the VOD?

Description

Time

  • Played on: April 23, 2025, 4:21 p.m.
  • Length: 8:06
Show
View Real Time Build Order
Export as new Build Order

Jin Protoss 

Build Orders: 1 Gate Expand, Blink Stalkers 

Get SALT Encoding   

  12  0:00  Probe  
  13  0:12  Probe  
  14  0:18  Pylon  
  14  0:24  Probe  
  15  0:32  Probe  
  15  0:39  Gateway  
  15  0:40  Probe  
  16  0:49  Assimilator  
  17  0:51  Probe  
  18  1:03  Probe  
  19  1:18  Probe  
  20  1:26  Cybernetics Core, Zealot  
  22  1:42  Nexus  
  22  1:49  Pylon  
  22  1:52  Probe  
  22  1:57  Adept  
  22  1:58  Assimilator  
  22  2:06  Probe  
  25  2:09  Warp Gate  
  25  2:17  Adept  
  25  2:18  Probe  
  28  2:30  Probe  
  29  2:38  Twilight Council  
  29  2:42  Probe  
  29  2:44  Stalker  
  30  2:54  Blink, Probe  
  30  2:58  Probe  
  30  3:05  Gateway  
  30  3:07  Probe  
  30  3:10  Probe  
  32  3:19  Probe  
  33  3:22  Probe  
  33  3:26  Stalker  
  34  3:31  Probe  
  37  3:35  Probe  
  38  3:43  Probe  
  38  3:47  Probe  
  40  3:53  Robotics Facility  
  40  3:55  Probe  
  39  3:59  Probe  
  39  4:00  Gateway  
  39  4:02  Stalker  
  42  4:07  Pylon  
  42  4:09  Stalker  
  44  4:10  Probe  
  44  4:12  Probe  
  46  4:19  Pylon  
  46  4:25  Probe x2  
  46  4:30  Stalker  
  50  4:37  Probe x2  
  52  4:40  Observer  
  53  4:48  Nexus  
  53  4:50  Probe  
  54  4:54  Stalker x2  
  54  4:56  Probe  
  54  4:57  Observer  
  54  4:58  Assimilator  
  59  5:05  Probe, Pylon  
  61  5:09  Forge  
  61  5:11  Probe  
  61  5:12  Pylon  
  62  5:14  Protoss Ground Weapons Level 1  
  62  5:23  Probe x2  
  63  5:29  Shield Battery  
  63  5:30  Charge  
  63  5:35  Probe x2  
  65  5:39  Gateway  
  65  5:47  Probe x2  
  67  5:54  Pylon  
  67  5:59  Gateway, Probe x2  
  67  6:00  Probe  
  67  6:02  Gateway  
  70  6:11  Probe x2  
  70  6:13  Zealot x2, Sentry  
  78  6:21  Gateway x2  
  78  6:22  Probe  
  78  6:23  Probe  
  80  6:26  Probe  
  80  6:29  Gateway  
  81  6:33  Pylon  
  81  6:35  Probe  
  81  6:38  Robotics Bay  
  82  6:40  Warp Prism  
  82  6:43  Sentry  
  82  6:45  Zealot  
  88  6:50  Pylon  
  88  6:52  Pylon  
  88  6:55  Zealot, Pylon  
  88  6:59  Zealot x2  
  94  7:03  Pylon  
  94  7:05  Zealot x2  
  98  7:13  Zealot  
  98  7:25  Zealot x6  
  98  7:26  Zealot  
  118  7:37  Zealot x2  
  88  7:47  Zealot x5  
  93  7:56  Zealot  
  93  7:57  Zealot x2  
  95  8:01  Pylon  
Show
View Real Time Build Order
Export as new Build Order

Moja Terran - Winner!

Build Orders: Reaper Expand 

Get SALT Encoding   

  12  0:00  SCV  
  13  0:12  SCV  
  14  0:17  Supply Depot  
  14  0:24  SCV  
  15  0:39  SCV, Barracks  
  16  0:45  Refinery  
  16  0:51  SCV  
  17  1:03  SCV  
  18  1:15  SCV  
  19  1:27  Orbital Command  
  19  1:28  Reaper  
  20  1:47  Command Center  
  20  1:53  SCV  
  21  1:58  Supply Depot  
  21  2:00  Marine  
  22  2:07  SCV  
  23  2:15  Factory  
  23  2:19  SCV, Marine  
  25  2:26  Refinery  
  25  2:33  SCV  
  26  2:39  Barracks Reactor  
  26  2:46  SCV  
  26  2:50  Bunker  
  27  2:58  SCV  
  27  3:00  Starport  
  27  3:02  Orbital Command  
  27  3:08  Hellion  
  27  3:11  SCV  
  29  3:21  Marine x2  
  29  3:23  SCV  
  32  3:29  SCV  
  32  3:30  Factory Tech Lab  
  33  3:35  SCV  
  33  3:37  Supply Depot  
  33  3:42  SCV  
  33  3:48  SCV  
  35  3:54  Banshee  
  35  3:55  Interference Matrix  
  38  3:56  SCV  
  38  3:58  Factory Tech Lab  
  38  4:00  SCV  
  40  4:03  Marine x2  
  40  4:08  SCV  
  40  4:09  Supply Depot  
  43  4:14  SCV  
  43  4:16  Siege Tank  
  47  4:20  SCV  
  48  4:28  SCV  
  48  4:29  Marine x2  
  51  4:31  Supply Depot  
  51  4:32  SCV  
  51  4:37  Raven  
  54  4:40  Barracks  
  54  4:41  SCV  
  54  4:44  SCV  
  56  4:47  Marine  
  56  4:48  Marine  
  56  4:50  Siege Tank  
  61  4:55  Supply Depot  
  61  4:56  SCV  
  62  5:00  SCV  
  62  5:01  Barracks  
  62  5:02  Refinery  
  62  5:05  Marine x2  
  65  5:08  SCV  
  65  5:12  SCV  
  65  5:13  Engineering Bay  
  67  5:16  Supply Depot  
  67  5:20  SCV  
  67  5:24  SCV  
  67  5:26  Siege Tank  
  71  5:31  Refinery  
  71  5:33  SCV, Stimpack  
  71  5:34  Marine x2, Marauder  
  76  5:36  SCV  
  76  5:38  Supply Depot  
  77  5:43  Supply Depot, Terran Infantry Weapons Level 1  
  77  5:49  Barracks Tech Lab  
  77  5:51  Starport Reactor  
  77  5:52  Marine  
  77  5:53  Marine  
  77  5:55  Marine  
  80  6:03  SCV x2  
  82  6:09  Marine  
  82  6:10  Siege Tank, Marine  
  82  6:11  Command Center  
  87  6:12  Combat Shield  
  87  6:14  Marine x2  
  87  6:18  Supply Depot  
  89  6:30  Barracks x2, Medivac  
  89  6:32  Medivac  
  93  6:36  Supply Depot, Marauder  
  93  6:39  Marauder  
  97  6:40  Marine  
  97  6:41  Marine  
  97  6:46  Supply Depot  
  99  6:58  Marine  
  99  6:59  Marauder  
  102  7:07  Marine, Marauder  
  105  7:15  SCV x2  
  107  7:16  Siege Tank, Marine  
  107  7:17  Barracks Tech Lab, Barracks Reactor  
  107  7:20  Marauder  
  113  7:24  Supply Depot  
  113  7:25  Orbital Command  
  113  7:27  SCV x2  
  115  7:41  Marine x3, Marauder  
  115  7:42  Marauder  
Tags
 
Add a new tag
Caveats
  • Supply blocks, unpowered buildings, or Contaminate may cause inaccurate times.
  • Supply counts are checked every 10 seconds.